 Dungeon Crawl Stone Soup version 0.28-a0-998-gb9e9c7b67e (webtiles) character file.

Game seed: 17237510743055796518

4559 chunkyMonkey the Skirmisher (level 10, 0/51 (53) HPs)
             Began as a Vine Stalker Fighter on Dec 5, 2021.
             Was a Believer of Cheibriados.
             Shot with a sling bullet by Joseph (2 damage)
             ... on level 8 of the Dungeon.
             The game lasted 00:21:40 (6617 turns).

chunkyMonkey the Skirmisher (Vine Stalker Fighter)  Turns: 6617, Time: 00:21:41

HP:   0/51 (53)     AC: 11    Str: 34    XL:     10   Next: 40%
MP:   0/29          EV: 11    Int: 13    God:    Cheibriados [**....]
Gold: 950           SH:  7    Dex: 19    Spells: 18/21 levels left

rFire   . . .      SeeInvis .   a - +0 war axe
rCold   . . .      Faith    .   c - +1 buckler
rNeg    . . .      Spirit   +   H - +1 chain mail {rPois}
rPois   +          Reflect  .   x - +0 helmet
rElec   .          Harm     .   (no cloak)
rCorr   .          Rampage  .   (no gloves)
Will    +....                   (no boots)
Stlth   ..........              l - amulet of regeneration
HPRegen 1.77/turn               y - +6 ring of strength
MPRegen 0.21/turn               D - ring of magical power

@: lightly drained, very slow
A: fangs 3, regeneration 1, magic shield, antimagic bite, no potion heal 2
a: Renounce Religion, Bend Time


You were on level 8 of the Dungeon.
You worshipped Cheibriados.
Cheibriados was pleased with you.
You visited 2 branches of the dungeon, and saw 9 of its levels.
You also visited: Sewer.

You collected 974 gold pieces.
You spent 24 gold pieces at shops.

Inventory:

Hand Weapons
 a - a +0 war axe (weapon)
 p - a +2 vorpal spear
 C - a +0 trident of holy wrath
Missiles
 e - 5 curare-tipped darts (quivered)
 o - 34 poisoned darts
Armour
 c - a +1 buckler (worn)
 h - a +2 scale mail of poison resistance
 x - a +0 helmet (worn)
 H - a +1 chain mail of poison resistance (worn)
Magical Staves
 F - a staff of poison
Jewellery
 l - an amulet of regeneration (around neck)
 u - a ring of poison resistance
 v - a ring of protection from cold
 y - a +6 ring of strength (left hand)
 B - the ring of Liwnub {Fire Will+}
   (You found it on level 6 of the Dungeon)

   [ring of fire]

   It enhances your fire magic.
   rF:        It protects you from fire.
   rC:        It makes you vulnerable to cold.
   Will:      It increases your willpower.
 D - a ring of magical power (right hand)
 E - a ring of fire
Wands
 b - a wand of polymorph (5)
 G - a wand of flame (8)
 J - a wand of charming (13)
Scrolls
 j - 3 scrolls of teleportation
 m - 2 scrolls of summoning
 n - a scroll of fog
 q - 3 scrolls of immolation
 r - a scroll of amnesia
 z - a scroll of torment
 A - a scroll of vulnerability
Potions
 d - a potion of haste {unknown}
 f - 2 potions of heal wounds
 g - 3 potions of magic
 k - a potion of mutation {unknown}
 s - 2 potions of degeneration {unknown}
 t - 2 potions of lignification {unknown}
 w - a potion of invisibility {unknown}
 I - a potion of brilliance {unknown}


   Skills:
 * Level 6.7 Fighting
 * Level 6.2 Axes
 + Level 4.6 Armour
 + Level 3.7 Dodging
 * Level 6.6 Shields
 * Level 6.4 Spellcasting
 + Level 1.3 Necromancy


You had 18 spell levels left.
You knew the following spells:

 Your Spells              Type           Power      Damage    Failure   Level
a - Vampiric Draining     Necr           7%         2d6       75%         3

Your spell library contained the following spells:

 Spells                   Type           Power      Damage    Failure   Level
 Apportation              Tloc           8%         N/A       54%         1
 Slow                     Hex            16%        N/A       54%         1
 Blink                    Tloc           8%         N/A       69%         2
 Confusing Touch          Hex            4%         N/A       89%         3
 Lesser Beckoning         Tloc           4%         N/A       89%         3
 Alistair's Intoxication  Tmut/Pois      2%         N/A       100%        5
 Manifold Assault         Tloc           4%         N/A       100%        5


Dungeon Overview and Level Annotations

Branches:
Dungeon (8/15)             Temple (1/1) D:5           Sewer (visited)
   Lair: D:8-11

Altars:
Ashenzari
Cheibriados
Dithmenos
Elyvilon
Fedhas
Gozag
Hepliaklqana
Kikubaaqudgha
Makhleb
Nemelex Xobeh
Okawaru
Qazlal
Ru
Sif Muna
Trog
Uskayaw
Wu Jian
Xom
Yredelemnul
Zin
The Shining One

Shops:
D:3 (   D:4 (   D:6 (

Annotations:
D:8 Joseph


Innate Abilities, Weirdness & Mutations

You have razor-sharp teeth.
Your natural rate of healing is unusually fast.
When hurt, damage is shared between your health and your magic reserves.
Your bite disrupts and absorbs the magic of your enemies.
Potions cannot restore your health.


Message History

Joseph unwields a +3 quarterstaff of draining.
Joseph wields a +0 hunting sling.
Joseph shoots a sling bullet.
The sling bullet hits you!
* * * LOW HITPOINT WARNING * * *
Throw: 8 darts (curare)
Press: ? - help, Q - select action, (/) - cycle Shift-Dir - straight line, f/p - Joseph
Aim: Joseph, wielding a +0 hunting sling, wearing a +0 leather armour and quivering sling bullets (lightly wounded, very poisoned, slow, 64% to hit)
You throw a curare-tipped dart.
The curare-tipped dart barely misses Joseph.
Throw: 7 darts (curare)
Press: ? - help, Q - select action, (/) - cycle Shift-Dir - straight line, f/p - Joseph
Aim: Joseph, wielding a +0 hunting sling, wearing a +0 leather armour and quivering sling bullets (lightly wounded, very poisoned, slow, 64% to hit)
You throw a curare-tipped dart.
The curare-tipped dart barely misses Joseph.
Throw: 6 darts (curare)
Press: ? - help, Q - select action, (/) - cycle Shift-Dir - straight line, f/p - Joseph
Aim: Joseph, wielding a +0 hunting sling, wearing a +0 leather armour and quivering sling bullets (lightly wounded, very poisoned, slow, 64% to hit)
You throw a curare-tipped dart. The curare-tipped dart hits Joseph.
Joseph looks as sick as possible!
Joseph convulses.
Joseph seems to be slow for longer.
Joseph is moderately wounded.
Joseph unwields a +0 hunting sling.
Joseph wields a +3 quarterstaff of draining.
You sense an unholy aura.
You block Joseph's attack.
You slash Joseph! You bite Joseph. You drain his power.
You feel invigorated.
Joseph is heavily wounded.
You closely miss Joseph. You bite Joseph, but do no damage.
Joseph is heavily wounded.
Joseph hits you with a +3 quarterstaff of draining!!
* * * LOW HITPOINT WARNING * * *
You feel drained.
* * * LOW HITPOINT WARNING * * *
Unknown command.
Blink to where?
Press: ? - help, Dir - move target, p - Joseph
As you read the scroll of blinking, it crumbles to dust.
Joseph unwields a +3 quarterstaff of draining.
Joseph wields a +0 hunting sling.
Joseph shoots a sling bullet.
The sling bullet hits you.
You die...

#.##.....# ....
#####...## ..... ≈...
.$. ...≈ ##...##...|.
≈...♣♣.♣♣@..
##..#...... ≈≈....8....
#......... ≈≈≈.......
#...###.. ≈≈.....
#######...##.. ≈≈.S
#.............#
#(#######@########..$##
#.@§......# .....
########### ....##
##... #..


You could see Joseph (very poisoned, slow).

Vanquished Creatures
  A two-headed ogre (D:5)
  Sigmund (D:4)
  A water moccasin (D:7)
  A sky beast (D:6)
  An ice beast (D:5)
  A black bear (D:5)
  A necrophage (D:5)
  3 orc warriors
  6 ogres
  A phantom (D:4)
  5 kobold brigands
  3 bullfrogs
  A scorpion (D:4)
  A water moccasin skeleton (D:5)
  4 killer bees (D:8)
  3 howler monkeys (D:7)
  An electric eel (D:8)
  4 centaur zombies
  4 jellies
  2 orc priests (D:8)
  A gnoll shaman (D:6)
  3 bullfrog skeletons
  2 hounds (D:5)
  2 iguanas
  7 orc wizards
  Terence (D:2)
  12 gnolls
  9 adders
  2 river rats (Sewer)
  2 shadow imps
  2 white imps
  An ufetubus (D:5)
  4 worms
  2 dart slugs (D:1)
  21 orcs
  8 ball pythons
  8 endoplasms
  2 giant cockroaches
  12 goblins
  6 hobgoblins
  7 jackals
  3 quokkas
  3 bats
  3 frilled lizards
  20 kobolds
  13 rats
201 creatures vanquished.

Vanquished Creatures (others)
  A water moccasin (D:8)
  A plant (D:3)
2 creatures vanquished.

Grand Total: 203 creatures vanquished

Notes
Turn   | Place    | Note
-------+----------+-------------------------------------------
     0 | D:1      | chunkyMonkey the Vine Stalker Fighter began the quest for
                  | the Orb.
     0 | D:1      | Reached XP level 1. HP: 11/11 MP: 2/2
    91 | D:1      | Reached XP level 2. HP: 16/16 MP: 3/3
   132 | D:1      | Found a faded altar of an unknown god.
   624 | D:1      | Reached XP level 3. HP: 17/19 MP: 3/5
   626 | D:1      | Reached skill level 1 in Spellcasting
  1062 | D:2      | Noticed Terence
  1445 | D:3      | Gained mutation: Your natural rate of healing is unusually
                  | fast. [Vine Stalker growth]
  1445 | D:3      | Reached XP level 4. HP: 24/24 MP: 6/6
  1457 | D:3      | Found a glowing drain.
  1461 | Sewer    | Entered a sewer
  1481 | Sewer    | Noticed a kobold brigand
  1494 | Sewer    | Killed a kobold brigand
  1495 | Sewer    | Reached XP level 5. HP: 28/28 MP: 6/8
  1539 | Sewer    | Reached skill level 1 in Dodging
  1691 | Sewer    | Noticed a kobold brigand
  1691 | Sewer    | Noticed a kobold brigand
  1728 | Sewer    | Killed a kobold brigand
  1729 | Sewer    | Reached XP level 6. HP: 23/32 MP: 3/10
  2235 | D:3      | Reached XP level 7. HP: 24/37 MP: 3/11
  2623 | D:3      | Found Xauvier's Weapon Shop.
  2632 | D:3      | Bought 4 curare-tipped darts for 24 gold pieces
  2890 | D:2      | Killed Terence
  3272 | D:4      | Noticed Sigmund
  3286 | D:4      | Killed Sigmund
  3383 | D:4      | Found Gynesic's Weapon Shop.
  3524 | D:4      | Gained mutation: You have razor-sharp teeth. [Vine Stalker
                  | growth]
  3524 | D:4      | Reached XP level 8. HP: 37/42 MP: 12/14
  3980 | D:5      | Entered Level 5 of the Dungeon
  4204 | D:5      | Found a staircase to the Ecumenical Temple.
  4223 | D:5      | Reached skill level 5 in Fighting
  4223 | D:5      | Reached skill level 5 in Shields
  4235 | D:5      | Reached XP level 9. HP: 31/47 MP: 9/17
  4600 | D:5      | Noticed a two-headed ogre
  4611 | D:5      | Killed a two-headed ogre
  4612 | D:5      | Reached skill level 5 in Axes
  4612 | D:5      | Reached skill level 5 in Spellcasting
  4828 | Temple   | Entered the Ecumenical Temple
  4889 | Temple   | Became a worshipper of Cheibriados the Contemplative
  5165 | D:6      | Learned a level 3 spell: Vampiric Draining
  5308 | D:6      | Found Umakigue's Antique Weapon Boutique.
  5357 | D:6      | Identified the ring of Liwnub {Fire Will+}
  5651 | D:7      | Reached * piety under Cheibriados
  5652 | D:7      | Reached XP level 10. HP: 53/53 MP: 20/20
  6076 | D:7      | Found a burning altar of Makhleb.
  6076 | D:7      | Found a white marble altar of Elyvilon.
  6099 | D:7      | Reached skill level 1 in Necromancy
  6390 | D:8      | Identified a scroll of acquirement
  6390 | D:8      | Acquired 724 gold pieces
  6440 | D:8      | Reached ** piety under Cheibriados
  6605 | D:8      | Noticed Joseph
  6616 | D:8      | HP: 1/51 [Joseph (6)]
  6617 | D:8      | Shot with a sling bullet by Joseph

Illustrated notes

Levels and vault maps discovered:
D:1:      saegor_arrival_fortress, layout_basic,
          hellmonk_ecumenical_altar_pennies_from_heaven
D:2:      layout_rooms, kennysheep_generic_room_14, uniq_terence
D:3:      layout_rooms, serial_shops, nicolae_shop_trees, gup_sewer_entry_bowl,
          saegor_snake_ambush
D:4:      layout_loops_cross, serial_shops, nicolae_shop_bloodbath_and_beyond,
          uniq_sigmund
D:5:      layout_layer_cave, minmay_temple_entry_statues_fountains
D:6:      layout_rooms, serial_shops, kennysheep_little_box, glass_columns_a
D:7:      layout_gridville, chequers_temple_overflow_statue_of_worship,
          ebering_dispersal_statue_hall
D:8:      layout_cave_pools, enter_ossuary_4, solitary_fountain,
          kennysheep_generic_room_2, uniq_joseph
Temple:   mainiacjoe_temple_bowtie_tessellation

Skill      XL: |  1  2  3  4  5  6  7  8  9 10 |
---------------+-------------------------------+-----
Axes           | 2 3 4 5 6 |  6.2
Shields        | 3 4 5 6 |  6.6
Spellcasting   | 1 2 3 4 6 |  6.4
Fighting       | 3 4 5 6 |  6.7
Dodging        | 1 2 3 |  3.7
Armour         | 3 4 |  4.6
Necromancy     | 1 |  1.3

Action                   |  1- 3 |  4- 6 |  7- 9 | 10-12 || total
-------------------------+-------+-------+-------+-------++-------
Melee: War axe           |    97 |   127 |    68 |    77 ||   369
       Bite              |    21 |    23 |    86 |    42 ||   172
       Spear             |       |       |   214 |       ||   214
Throw: Dart              |       |       |    20 |     4 ||    24
Evoke: Wand              |       |       |       |     1 ||     1
  Use: Potion            |       |     3 |       |       ||     3
       Scroll            |       |       |     5 |     8 ||    13
Armor: Scale mail        |    41 |    43 |    94 |    10 ||   188
       Chain mail        |       |       |       |    33 ||    33
Dodge: Dodged            |    57 |    66 |   169 |    50 ||   342
Block: Buckler           |    28 |    23 |   110 |    29 ||   190

Table legend: (Time is in decaauts)
 A = Elapsed time spent in this place.
 B = Non-inter-level travel time spent in this place.
 C = Inter-level travel time spent in this place.
 D = Time resting spent in this place.
 E = Time spent auto-exploring this place.
 F = Levels seen in this place.
 G = Mean time per level.
                   A        B        C        D        E       F      G
               +--------+--------+--------+--------+--------+-----+--------+
         Total |   7446 |   7173 |    273 |    333 |   4767 |  10 |  744.6 |
       Dungeon |   6232 |   5965 |    267 |    290 |   4034 |   8 |  779.0 |
        Temple |    254 |    249 |      5 |      0 |    224 |   1 |  254.0 |
         Sewer |    959 |    959 |      0 |     43 |    509 |   1 |  959.0 |
               +--------+--------+--------+--------+--------+-----+--------+

Top non-repeatable levels by time:
     D:1: 1127 daAuts
     D:7: 985 daAuts
   Sewer: 959 daAuts
     D:5: 926 daAuts
     D:4: 764 daAuts
     D:3: 760 daAuts
     D:2: 696 daAuts
     D:6: 640 daAuts
     D:8: 331 daAuts
  Temple: 254 daAuts
